 Dungeon Crawl Stone Soup version 0.30.1-3-gfc49f6343a (webtiles) character file.

Game seed: 2359628803762557973

758 javelincjr the Trooper (level 7, -4/56 HPs)
             Began as a Demonspawn Fighter on July 20, 2023.
             Slain by Grinder (5 damage)
             ... while paralysed by Grinder
             ... on level 5 of the Dungeon.
             The game lasted 00:11:57 (4214 turns).

javelincjr the Trooper (Demonspawn Fighter)         Turns: 4214, Time: 00:12:00

Health: -4/56      AC:  9    Str: 24    XL:     7   Next: 50%
Magic:  7/7        EV:  2    Int: 10    God:
Gold:   242        SH:  0    Dex: 12    Spells: 6/6 levels left

rFire   . . .        m - +2 dagger (protect)
rCold   . . .        c - +0 buckler
rNeg    . . .        v - +0 chain mail
rPois   .            (helmet restricted)
rElec   .            (no cloak)
rCorr   .            (no gloves)
SInv    .            (no boots)
Will    .....        A - amulet of reflection Stlth
                     u - +6 ring of strength
HPRegen 0.29/turn    (no ring)
MPRegen 0.10/turn

%: reflection
@: paralysed
A: antennae 2, hooves 1, ignite blood 1, demonic magic 1
a: no special abilities


You were on level 5 of the Dungeon.
You visited 1 branch of the dungeon, and saw 5 of its levels.

You collected 242 gold pieces.

Inventory:

Hand Weapons
 a - a +0 trident
 m - a +2 dagger of protection (weapon)
 E - the +1 sling of Noavutzudecs {drain, rElec Int+2}
   (You found it on level 5 of the Dungeon)

   Int:       It affects your intelligence (+2).
   rElec:     It insulates you from electricity.
Missiles
 k - 6 boomerangs (quivered)
 y - 3 silver boomerangs
Armour
 b - a +0 scale mail
 c - a +0 buckler (worn)
 v - a +0 chain mail (worn)
Jewellery
 u - a +6 ring of strength (left hand)
 A - an amulet of reflection (around neck)
Wands
 w - a wand of roots (8)
 C - a wand of digging (15)
 F - a wand of flame (20)
Scrolls
 f - 2 scrolls of fog {unknown}
 i - 6 scrolls of identify {unknown}
 p - a scroll of poison {unknown}
 q - 2 scrolls of enchant weapon {unknown}
 s - 2 scrolls of fear {unknown}
 t - a scroll of torment {unknown}
 x - a scroll of vulnerability {unknown}
 B - a scroll of teleportation {unknown}
 D - a scroll of noise {unknown}
Potions
 d - a potion of might
 e - 4 potions of haste {unknown}
 g - 2 potions of resistance {unknown}
 h - 3 potions of curing {unknown}
 j - 2 potions of flight {unknown}
 l - a potion of invisibility
 n - 3 potions of lignification {unknown}
 o - 2 potions of attraction {unknown}
 r - 2 potions of mutation {unknown}
 z - a potion of brilliance {unknown}


   Skills:
 + Level 5.1 Fighting
 + Level 4.1 Polearms
 + Level 4.6 Armour
 + Level 4.6 Shields


You had 6 spell levels left.
You didn't know any spells.
Your spell library contained the following spells:

 Spells                   Type           Power      Damage    Failure   Level
 Malign Gateway           Summ/Tloc      0%         N/A       100%        7
 Summon Horrible Things   Summ           0%         N/A       100%        8


Dungeon Overview and Level Annotations

Branches:
Dungeon (5/15)
 Temple: D:4-7

Altars:
Kikubaaqudgha
Trog
Yredelemnul

Annotations:
D:5 Grinder


Innate Abilities, Weirdness & Mutations

You have a pair of antennae on your head.
You have large cloven feet.
Your demonic aura sometimes causes spilled blood to erupt in flames.
Spells you cast may paralyse adjacent enemies.


Message History

Something hits you but does no damage.
You hit something but do no damage. Your kick misses something.
Something hits you.
You writhe in agony.
You closely miss something. Something hits you.
You miss something. Something hits you but does no damage.
You closely miss something. Your kick misses something.
Something hits you but does no damage.
You hit something. Something hits you.
You writhe in agony.
You barely miss something. Something hits you but does no damage.
You hit something but do no damage. You kick something.
Something hits you but does no damage.
You miss something. Something hits you but does no damage.
You hit something. Something hits you but does no damage.
A shadow imp comes into view.
The shadow imp shouts, "Return whence thou came, thou warped hedge-born tinkerer!"
You hit something. You kick something. Something hits you but does no damage.
You closely miss something. You kick something.
Something hits you but does no damage.
You miss something. You kick something. Something hits you but does no damage.
You hit something. Something hits you but does no damage.
The shadow imp hits you but does no damage.
You hit something. Something hits you but does no damage.
The shadow imp barely misses you.
You hit something. Something completely misses you.
You block the shadow imp's attack.
You barely miss something. Something hits you. The shadow imp hits you.
You miss something. Something hits you but does no damage.
The shadow imp barely misses you.
You closely miss something. You kick something. Something hits you.
You writhe in agony.
You block the shadow imp's attack.
You miss something. Pain shoots through your body! The shadow imp hits you.
* * * LOW HITPOINT WARNING * * *
The shadow imp barely misses you.
You suddenly lose the ability to move!
The shadow imp gestures at you. Pain shoots through your body!
* * * LOW HITPOINT WARNING * * *
Something hits you.
* * * LOW HITPOINT WARNING * * *
You writhe in agony.
You die...

### ###+### #.. #.....#
#.# #.♣.♣.# #.' #.._..#
### #.♣@♣.# #.. .
#..{5.# # # #..
....###'### #.#### #..
.........# #...)#####
###..#.#.####...##)))..'
#. #.#...###.#####...# #
#...#.....+.#......
##......###.#+#...#
##..#..#.....#...#


You could see a shadow imp.

Vanquished Creatures
  2 black bears (D:5)
  A scorpion (D:5)
  Blork the orc (D:4)
  A jelly (D:4)
  An orc priest (D:5)
  A hound (D:4)
  Jessica (D:2)
  4 iguanas
  An orc wizard (D:3)
  2 sleepcaps (D:5)
  8 adders
  9 orcs
  4 ball pythons
  8 endoplasms
  9 goblins
  9 hobgoblins
  3 kobolds
  4 quokkas
  4 bats
  4 frilled lizards
  2 rats
79 creatures vanquished.

Vanquished Creatures (others)
  A human (D:4)
  An orc wizard (D:5)
2 creatures vanquished.

Grand Total: 81 creatures vanquished

Notes
Turn   | Place    | Note
-------+----------+-------------------------------------------
     0 | D:1      | javelincjr the Demonspawn Fighter began the quest for the
                  | Orb.
     0 | D:1      | Reached XP level 1. HP: 18/18 MP: 1/1
   605 | D:1      | Discovered your monstrous ancestry.
   605 | D:1      | Gained mutation: You have a pair of small antennae on your
                  | head. [demonic ancestry]
   605 | D:1      | Reached XP level 2. HP: 24/24 MP: 2/2
  1055 | D:2      | Gained mutation: Your demonic aura sometimes causes spilled
                  | blood to erupt in flames. [demonic ancestry]
  1055 | D:2      | Reached XP level 3. HP: 29/29 MP: 3/3
  1423 | D:2      | Noticed Jessica
  1439 | D:2      | Killed Jessica
  1440 | D:2      | Gained mutation: You have a pair of antennae on your head.
                  | [demonic ancestry]
  1440 | D:2      | Reached XP level 4. HP: 26/35 MP: 4/4
  2243 | D:3      | You fall into a shaft and drop 1 floor!
  2461 | D:4      | Identified the staff of poison "Qaunwoef" {rPois Int+4}
  2654 | D:3      | Gained mutation: Spells you cast may paralyse adjacent
                  | enemies. [demonic ancestry]
  2654 | D:3      | Reached XP level 5. HP: 40/42 MP: 5/5
  2925 | D:3      | Reached skill level 4 in Fighting
  2948 | D:3      | Found a bloodstained altar of Trog.
  3108 | D:4      | Noticed Blork the orc
  3120 | D:4      | Killed Blork the orc
  3166 | D:4      | Gained mutation: You have large cloven feet. [demonic
                  | ancestry]
  3166 | D:4      | Reached XP level 6. HP: 38/48 MP: 6/6
  3434 | D:4      | Found an ancient bone altar of Kikubaaqudgha.
  3437 | D:4      | Noticed a human
  3439 | D:4      | Killed a human
  3708 | D:5      | Entered Level 5 of the Dungeon
  3743 | D:5      | Identified the +1 sling of Noavutzudecs {drain, rElec
                  | Int+2}
  4043 | D:5      | Reached XP level 7. HP: 53/55 MP: 7/7
  4089 | D:5      | Reached skill level 5 in Fighting
  4179 | D:5      | Found a basalt altar of Yredelemnul.
  4185 | D:5      | Noticed Grinder
  4213 | D:5      | Paralysed by something for 4 turns
  4214 | D:5      | HP: 1/56 [something (6)]
  4214 | D:5      | Slain by Grinder

Illustrated notes

Levels and vault maps discovered:
D:1:      matt_arrival_grand_opening, layout_loops_corners
D:2:      layout_basic, serial_forest, infiniplex_forest_clump_small,
          infiniplex_forest_clump_long, infiniplex_forest_lined_corner,
          infiniplex_forest_clump_medium, infiniplex_forest_fountain,
          uniq_jessica
D:3:      layout_basic, trog_three_pillars_becter, minmay_goblin_kobold_house
D:4:      layout_gridville, tgw_kikubaaqudgha, uniq_blork_the_orc
D:5:      nicolae_cairo_tiling_large, layout_rooms, kennysheep_little_box,
          lemuel_coloured_pillars_altar, uniq_grinder

Skill      XL: |  1  2  3  4  5  6  7 |
---------------+----------------------+-----
Polearms       | 2 3 4 |  4.1
Armour         | 3 4 |  4.6
Shields        | 3 4 |  4.6
Fighting       | 4 5 |  5.1

Action                     |  1- 3 |  4- 6 |  7- 9 || total
---------------------------+-------+-------+-------++-------
  Melee: Trident           |    66 |   120 |       ||   186
         Dagger            |    31 |   290 |    53 ||   374
         Kick              |       |    27 |    14 ||    41
   Fire: Sling             |       |     1 |       ||     1
 Armour: Scale mail        |    35 |    35 |       ||    70
         Chain mail        |       |    94 |    31 ||   125
  Dodge: Dodged            |    29 |    66 |    15 ||   110
  Block: Buckler           |    10 |    75 |    21 ||   106
